 Dungeon Crawl Stone Soup version 0.19.0-20-gbc5f0c6 (webtiles) character file.

294 Patchouli the Magician (level 6, -1/32 HPs)
             Began as a Deep Elf Ice Elementalist on Nov 17, 2016.
             Was an Initiate of Vehumet.
             Incinerated by a mottled dragon (9 damage)
             ... with a sticky flame
             ... on level 4 of the Dungeon.
             The game lasted 00:16:09 (2228 turns).

Patchouli the Magician (Deep Elf Ice Elementalist)  Turns: 2228, Time: 00:16:09

Health: -1/32      AC:  2    Str: 10    XL:     6   Next: 11%
Magic:  11/15      EV: 14    Int: 22    God:    Vehumet [......]
Gold:   102        SH:  0    Dex: 15    Spells: 5 memorised, 1 level left

rFire  . . .     SeeInvis .     p - +1 dagger
rCold  . . .     Gourm    .     a - +0 robe
rNeg   + . .     Faith    .     (no shield)
rPois  .         Spirit   .     (no helmet)
rElec  .         Reflect  .     (no cloak)
rCorr  .         Harm     .     (no gloves)
MR     .....                    (no boots)
Stlth  +.........               (no amulet)
                                q - +5 ring of strength
                                m - ring of positive energy

@: liquid flames, glowing
A: no striking features
a: Renounce Religion


You were on level 4 of the Dungeon.
You worshipped Vehumet.
Vehumet was noncommittal.
You were not hungry.

You visited 2 branches of the dungeon, and saw 6 of its levels.

You collected 102 gold pieces.

Inventory:

Hand Weapons
 e - a cursed -2 club
 h - a +0 spear
 p - a +1 dagger (weapon)
 v - a +0 short sword of protection
Missiles
 j - 8 tomahawks (quivered)
Armour
 a - a +0 robe (worn)
Jewellery
 m - a ring of positive energy (left hand)
 q - a +5 ring of strength (right hand)
Wands
 y - a wand of polymorph (22/24)
Scrolls
 d - a scroll of magic mapping {unknown}
 i - 4 scrolls of identify
 n - 3 scrolls of remove curse
 z - a scroll of fog {unknown}
Potions
 f - a potion of magic {unknown}
 k - a potion of heal wounds {unknown}
 l - 2 potions of might {unknown}
 o - 2 potions of beneficial mutation {unknown}
 r - a potion of degeneration {unknown}
 t - a potion of curing {unknown}
 w - a potion of mutation {unknown}
 x - 2 potions of resistance {unknown}
Books
 b - a book of Frost

   Spells                             Type                      Level
   a - Freeze                         Ice                          1
   b - Throw Frost                    Conjuration/Ice              2
   c - Ozocubu's Armour               Charms/Ice                   3
   d - Throw Icicle                   Conjuration/Ice              4
   e - Summon Ice Beast               Ice/Summoning                4
Comestibles
 c - 2 bread rations
 g - 2 chunks of flesh
 s - 2 beef jerkies
 u - a meat ration


   Skills:
 + Level 3.4 Dodging
 - Level 2.4 Stealth
 * Level 5.3 Spellcasting
 - Level 1.1 Conjurations
 * Level 2.7 Charms
 * Level 2.1 Summonings
 * Level 5.1 Ice Magic


You had one spell level left.
You knew the following spells:

 Your Spells              Type           Power        Failure   Level  Hunger
a - Freeze                Ice            ####         1%          1    None
b - Throw Frost           Conj/Ice       ###...       6%          2    None
c - Summon Ice Beast      Ice/Summ       ###.....     28%         4    ####...
d - Throw Icicle          Conj/Ice       ###.....     34%         4    ####...
q - Ozocubu's Armour      Chrm/Ice       ###.....     8%          3    ##.....


Dungeon Overview and Level Annotations

Branches:
Dungeon (5/15)             Temple (1/1) D:4

Altars:
Ashenzari
Dithmenos
Elyvilon
Fedhas
Gozag
Makhleb
Nemelex Xobeh
Okawaru
Qazlal
Ru
Trog
Uskayaw
Vehumet
Xom
Yredelemnul
Zin

Annotations:
D:4 Menkaure


Message History

You are covered in liquid flames!
There is a stone staircase leading up here.
You are covered in liquid flames!
The mottled dragon breathes sticky fire at you.
The sticky flame hits you!
You are covered in liquid flames!
You climb upwards.
Level annotation: Menkaure Menkaure shouts!
You are covered in liquid flames!
Menkaure whispers drily.
There is a stone staircase leading down here.
You are covered in liquid flames!
You are covered in liquid flames!
* * * LOW HITPOINT WARNING * * *
Casting: Freeze
Confirm with . or Enter, or press ? or * to list all spells.
A chill wind blows around you.
You are covered in liquid flames!
You die...

####.. ............ ####### #
#.# #......##.# #...... ##
#.# ###......##.# .#.##### ..
#.# #....?..<...# ...#.# #.
#.# #.#......##.## ..#.# #.
#.####.#......#...###..#.# #.
#....).......M.........#.#
#.##.#.....#####.#...####.#.#
..>........# #@##.#####.#.#
.....#>....# #.Y[.......#.#
#.#####...## #.##.#####.#.#
#. ##..# #.............# ..
#..# #..############ #. ####
#..# #. #..# #. ...#


You could see Menkaure and a friendly ice beast.

Vanquished Creatures
  A hound (D:5)
  A jelly (D:5)
  3 worker ants
  6 adders
  A worm (D:3)
  A dart slug (D:3)
  7 leopard geckos
  5 orcs
  4 bats
  3 giant cockroaches (D:1)
  6 goblins
  5 hobgoblins
  7 jackals
  2 quokkas
  3 frilled lizards
  6 kobolds
61 creatures vanquished.

Vanquished Creatures (collateral kills)
  An ogre (D:4)
  A worm (D:3)
2 creatures vanquished.

Grand Total: 63 creatures vanquished

Notes
Turn   | Place    | Note
-------+----------+-------------------------------------------
     0 | D:1      | Patchouli the Deep Elf Ice Elementalist began the quest for the Orb.
     0 | D:1      | Reached XP level 1. HP: 10/10 MP: 6/6
   101 | D:1      | Reached XP level 2. HP: 13/15 MP: 5/8
   177 | D:1      | Learned a level 2 spell: Throw Frost
   413 | D:2      | Reached XP level 3. HP: 19/19 MP: 7/10
   418 | D:2      | Learned a level 3 spell: Ozocubu's Armour
   422 | D:2      | Found a faded altar of an unknown god.
   682 | D:2      | Reached XP level 4. HP: 22/24 MP: 9/12
   688 | D:2      | Learned a level 4 spell: Summon Ice Beast
   977 | D:4      | Noticed an ogre
  1041 | D:3      | You fall through a shaft for 2 floors!
  1041 | D:5      | Entered Level 5 of the Dungeon
  1154 | D:5      | Reached skill level 1 in Charms
  1154 | D:5      | Reached skill level 1 in Summonings
  1154 | D:5      | Reached XP level 5. HP: 28/28 MP: 7/14
  1167 | D:4      | Found a staircase to the Ecumenical Temple.
  1185 | Temple   | Entered the Ecumenical Temple
  1308 | Temple   | Became a worshipper of Vehumet
  1355 | D:4      | Noticed Menkaure
  1366 | D:4      | Killed an ogre
  1366 | D:4      | Reached skill level 5 in Spellcasting
  1597 | D:3      | Found a white marble altar of Elyvilon.
  1765 | D:4      | Reached skill level 5 in Ice Magic
  1870 | D:5      | Noticed an ice beast
  1908 | D:5      | Noticed a mottled dragon
  1908 | D:5      | an ice beast changed into a mottled dragon
  1966 | D:5      | Reached XP level 6. HP: 31/32 MP: 2/15
  1972 | D:5      | Learned a level 4 spell: Throw Icicle
  2228 | D:4      | Incinerated by a mottled dragon

Skill      XL: |  1  2  3  4  5 |
---------------+----------------+-----
Ice Magic      | 4 5 |  5.1
Spellcasting   | 4 5 |  5.3
Dodging        | 3 |  3.4
Charms         | 1 2 |  2.7
Summonings     | 1 2 |  2.1
Stealth        | |  2.4
Conjurations   | |  1.1

Action                   |  1- 3 |  4- 6 || total
-------------------------+-------+-------++-------
Melee: Dagger            |     1 |     5 ||     6
Throw: Tomahawk          |     1 |       ||     1
 Cast: Freeze            |    47 |    49 ||    96
       Ozocubu's Armour  |     1 |     5 ||     6
       Throw Frost       |     1 |     5 ||     6
       Summon Ice Beast  |       |     5 ||     5
Evoke: Wand              |       |     1 ||     1
  Use: Scroll            |       |     8 ||     8
 Stab: Sleeping          |     1 |     5 ||     6
  Eat: Chunk             |       |     5 ||     5
Armor: Robe              |     8 |     9 ||    17
Dodge: Dodged            |    23 |    32 ||    55
